 Dungeon Crawl Stone Soup version 0.22-a0-512-g0943f25 (webtiles) character file.

947 kr3s1m1r the Reanimator (level 7, -4/51 HPs)
             Began as a Mummy Necromancer on June 18, 2018.
             Was an Initiate of Ru.
             Slain by a centaur
             ... wielding a +0 mace of holy wrath
              (7 damage)
             ... on level 5 of the Dungeon.
             The game lasted 00:20:08 (7017 turns).

kr3s1m1r the Reanimator (Mummy Necromancer)         Turns: 7017, Time: 00:20:09

Health: -4/51      AC:  3    Str: 11    XL:     7   Next: 89%
Magic:  2/15       EV: 12    Int: 16    God:    Ru [......]
Gold:   172        SH:  0    Dex: 13    Spells: 8/17 levels left

rFire    x . .     SeeInvis .   i - +2 dagger (venom)
rCold    + . .     Gourm    .   (no shield)
rNeg     + + +     Faith    .   j - +0 robe (curse)
rPois    ∞         Spirit   .   (no helmet)
rElec    .         Reflect  .   e - +0 cloak
rCorr    .         Harm     .   (no gloves)
MR       +....                  (no boots)
Stlth    ++........             (no amulet)
HPRegen  0.17/turn              g - ring of protection from magic
MPRegen  0.14/turn              (no ring)

@: no status effects
A: no food or potions, fire vulnerability, cold resistance 1, negative energy
resistance 3, torment resistance, unbreathing
a: Renounce Religion


You were on level 5 of the Dungeon.
You worshipped Ru.
Ru was noncommittal.
You were not hungry.

You visited 1 branch of the dungeon, and saw 5 of its levels.

You collected 172 gold pieces.

Inventory:

Hand Weapons
 h - a +0 spear
 i - a +2 dagger of venom (weapon)
Missiles
 a - 13 poisoned needles
 k - a throwing net (quivered)
 p - 62 stones
Armour
 e - a +0 cloak (worn)
 j - a cursed +0 robe (worn)
Jewellery
 g - a ring of protection from magic (left hand)
Scrolls
 b - 3 scrolls of amnesia {unknown}
 c - 3 scrolls of teleportation {unknown}
 d - 4 scrolls of enchant armour {unknown}
 f - 3 scrolls of enchant weapon {unknown}
 l - a scroll of identify {unknown}
 m - a scroll of fear {unknown}
 n - a scroll of remove curse {unknown}
 o - 3 scrolls of blinking {unknown}
 q - a scroll of fog {unknown}


   Skills:
 + Level 2.7 Fighting
 - Level 1.7 Dodging
 - Level 1.7 Stealth
 + Level 5.7 Spellcasting
 + Level 8.3 Necromancy
   Level 0.1 Evocations


You had 8 spell levels left.
You knew the following spells:

 Your Spells              Type           Power        Failure   Level  Hunger
a - Animate Skeleton      Necr           N/A          1%          1    N/A
t - Vampiric Draining     Necr           ####......   1%          3    N/A
u - Animate Dead          Necr           N/A          4%          4    N/A
z - Pain                  Necr           ####         1%          1    N/A

Your spell library contained the following spells:

 Spells                   Type           Power        Failure   Level  Hunger
 Regeneration             Chrm/Necr      ###.......   8%          3    N/A

Dungeon Overview and Level Annotations

Branches:
Dungeon (5/15)             Temple (0/1) D:5

Altars:
Ru
Xom


Innate Abilities, Weirdness & Mutations

You do not eat or drink.
Your flesh is vulnerable to fire.
You are immune to poison.
Your flesh is cold resistant. (rC+)
You are immune to negative energy. (rN+++)
You are immune to unholy pain and torment.
You can survive without breathing.


Message History

The centaur hits you with a mace of holy wrath.
* * * LOW HITPOINT WARNING * * *
You convulse.
* * * LOW HITPOINT WARNING * * *
Your howler monkey zombie barely misses the centaur.
Casting: Pain (safe; 1% risk of failure)
Confirm with . or Enter, or press ? or * to list all spells.
You don't have enough magic to cast that spell.
Adjust (i)tems, (s)pells, or (a)bilities?
Okay, then.
Adjust (i)tems, (s)pells, or (a)bilities?
Adjust which spell?
Okay, then.
Casting: Pain (safe; 1% risk of failure)
Confirm with . or Enter, or press ? or * to list all spells.
You don't have enough magic to cast that spell.
The centaur hits you with a mace of holy wrath.
* * * LOW HITPOINT WARNING * * *
You convulse!
You die...

.......# ......+ .....# ##
....+ .# ... .# #'# .#
###############c###.#.####
.......!.......Z@(.>......
#..........#.##.###.#.###.
#..........#.##.# .#
#.%........#.##.# .#
#..........#.##.# ..
'..........#.##.# ..
#..........#.##.# ###
#..........#.##.#
#..........# #.#


You could see a centaur and a friendly howler monkey zombie.

Vanquished Creatures
  Grinder (D:4)
  A hungry ghost (D:4)
  An ogre (D:4)
  2 scorpions
  A howler monkey (D:5)
  A hound (D:4)
  A bullfrog zombie (D:5)
  Crazy Yiuf (D:2)
  2 centaur skeletons (D:4)
  Ijyb (D:4)
  An iguana (D:3)
  An orc wizard (D:4)
  Robin (D:2)
  3 gnolls (D:3)
  3 adders
  An ooze (D:1)
  5 dart slugs
  2 worms
  10 orcs
  2 ball pythons
  5 giant cockroaches
  13 goblins
  7 hobgoblins
  3 jackals (D:2)
  7 bats
  8 frilled lizards
  A jackal skeleton (D:5)
  7 kobolds
  4 rats
  A fungus (D:2)
97 creatures vanquished.

Vanquished Creatures (collateral kills)
  An adder skeleton (D:4)
  A worm (D:3)
  A goblin (D:1)
3 creatures vanquished.

Vanquished Creatures (others)
  A scorpion (D:4)
  2 howler monkeys (D:4)
  A hound (D:4)
  An adder (D:4)
5 creatures vanquished.

Grand Total: 105 creatures vanquished

Notes
Turn   | Place    | Note
-------+----------+-------------------------------------------
     0 | D:1      | kr3s1m1r the Mummy Necromancer began the quest for the Orb.
     0 | D:1      | Reached XP level 1. HP: 13/13 MP: 4/4
    51 | D:1      | Learned a level 1 spell: Animate Skeleton
   591 | D:1      | Reached XP level 2. HP: 17/19 MP: 0/6
  1697 | D:2      | Reached XP level 3. HP: 24/24 MP: 2/7
  1702 | D:2      | Learned a level 3 spell: Vampiric Draining
  2005 | D:2      | Noticed Robin
  2153 | D:2      | Reached skill level 5 in Necromancy
  2167 | D:2      | Killed Robin
  2454 | D:2      | Reached XP level 4. HP: 30/30 MP: 3/8
  3066 | D:2      | Found a runed door.
  3070 | D:2      | Noticed Crazy Yiuf
  3078 | D:2      | Killed Crazy Yiuf
  3178 | D:3      | Learned a level 4 spell: Animate Dead
  3270 | D:3      | Reached skill level 6 in Necromancy
  3444 | D:3      | Reached XP level 5. HP: 32/35 MP: 4/9
  4770 | D:4      | Reached XP level 6. HP: 30/41 MP: 5/11
  5473 | D:3      | Reached skill level 7 in Necromancy
  5495 | D:3      | HP: 1/41 [phantom (4)]
  5804 | D:5      | Entered Level 5 of the Dungeon
  6395 | D:4      | Found a shimmering altar of Xom.
  6402 | D:4      | Noticed Ijyb
  6410 | D:4      | Killed Ijyb
  6619 | D:4      | Noticed Grinder
  6623 | D:4      | Killed Grinder
  6623 | D:4      | Reached skill level 5 in Spellcasting
  6623 | D:4      | Reached skill level 8 in Necromancy
  6623 | D:4      | Reached XP level 7. HP: 46/46 MP: 14/14
  6662 | D:4      | Found a sacrificial altar of Ru.
  6663 | D:4      | Noticed a hungry ghost
  6682 | D:4      | Killed a hungry ghost
  6697 | D:4      | Became a worshipper of Ru the Awakened
  6911 | D:5      | Found a staircase to the Ecumenical Temple.
  7017 | D:5      | Slain by a centaur

Vault maps used:
D:1:      dpeg_arrival_rhombus
D:2:      uniq_robin, uniq_crazy_yiuf_cottage
D:4:      xom_confusion_cloud, lemuel_round_altar, first_ration, uniq_grinder,
          uniq_ijyb
D:5:      lemuel_doored_altar, temple_fountains

Skill      XL: |  1  2  3  4  5  6  7 |
---------------+----------------------+-----
Spellcasting   | 3 5 |  5.7
Necromancy     | 5 6 8 |  8.3
Fighting       | 2 |  2.7
Dodging        | |  1.7
Stealth        | |  1.7
Evocations     | |  0.1

Action                   |  1- 3 |  4- 6 |  7- 9 || total
-------------------------+-------+-------+-------++-------
Melee: Unarmed           |    10 |       |       ||    10
       Dagger            |     6 |    52 |    15 ||    73
       Spear             |     2 |       |       ||     2
 Cast: Pain              |    86 |   126 |    10 ||   222
       Animate Skeleton  |    12 |     1 |       ||    13
       Vampiric Draining |     1 |     1 |       ||     2
       Animate Dead      |       |    21 |     2 ||    23
Evoke: Wand              |       |     3 |     4 ||     7
Armor: Robe              |    20 |     7 |     6 ||    33
Dodge: Dodged            |    60 |    29 |    12 ||   101

Table legend:
 A = Spawn XP
 B = Non-spawn XP
 C = Spawn XP percentage of total XP
 D = Spawn monster count
 E = Non-spawn monster count
 F = Spawn count percentage of total count
 G = Total turns spent on level
                    A         B        C        D         E        F      G
               +---------+---------+-------+---------+---------+-------+---------
         Total |       0 |    1353 |   0.0 |       0 |      99 |   0.0 |  7017
               +---------+---------+-------+---------+---------+-------+---------
           D:1 |       0 |      35 |   0.0 |       0 |      21 |   0.0 |  1633
           D:2 |       0 |     114 |   0.0 |       0 |      29 |   0.0 |  1512
           D:3 |       0 |     136 |   0.0 |       0 |      22 |   0.0 |  1387
           D:4 |       0 |     909 |   0.0 |       0 |      23 |   0.0 |  2375
           D:5 |       0 |     159 |   0.0 |       0 |       4 |   0.0 |   110
               +---------+---------+-------+---------+---------+-------+---------
